[ AOE2 MATCH · #504796521 ]
UnrankedEthiopians vs Vikings
Player's team · WIN
Rival team · LOSS
[ REPLAY ANALYSIS · EXTRACTED FROM THE RECORDED GAME ]
Feudal
10:14
Castle
19:16
Imperial
33:28
| APM avg | 60.4 |
| APM peak | 155 |
| eAPM avg | 34.2 |
| Villagers / military | 188 / 290 |
Focus
⚔️ 42.7% · 🌾 57.3%
Skirmisher ×143 · Shotel Warrior ×84 · Archer ×42 · Fishing Ship ×5 · Bombard Cannon ×5 · Trebuchet (Packed) ×5
Feudal
12:40
Castle
21:31
Imperial
30:10
| APM avg | 69.1 |
| APM peak | 141 |
| eAPM avg | 34.3 |
| Villagers / military | 126 / 248 |
Focus
⚔️ 52.6% · 🌾 47.4%
Skirmisher ×132 · Archer ×92 · Battering Ram ×16 · Militia ×3 · Trebuchet (Packed) ×3 · Berserk ×2
Match map
Initial resources + every placement click. Lines = walls · curves = elevation contours. ◆ gold · ⬟ stone · ● berries · ✦ relic · ◌ wall gap
Your base· Open — opponent sealed themselves in
FYI Inc's base· ✓ Closed at 21:31 · 54t walls · no gate
Smoothed initial terrain · ◌ = detected wall gap · hover for details
Inputs per minute
— Leonidas - - FYI Inc
Build order — Leonidas
First 150 of 758 actions detected
| 0:02 | Build | House |
| 0:04 | Build | House |
| 0:06 | Create | Villager (Male) |
| 0:07 | Create | Villager (Male) |
| 0:07 | Create | Villager (Male) |
| 0:08 | Create | Villager (Male) |
| 1:13 | Create | Villager (Male) |
| 1:47 | Create | Villager (Male) |
| 1:52 | Build | Lumber Camp |
| 2:06 | Create | Villager (Male) |
| 2:41 | Create | Villager (Male) |
| 3:06 | Create | Villager (Male) |
| 3:40 | Create | Villager (Male) |
| 3:41 | Create | Villager (Male) |
| 3:54 | Build | House |
| 4:05 | Create | Villager (Male) |
| 4:28 | Build | Dock |
| 4:33 | Create | Villager (Male) |
| 4:34 | Create | Villager (Male) |
| 4:52 | Create | Villager (Male) |
| 5:05 | Build | House |
| 5:29 | Create | Fishing Ship |
| 5:31 | Create | Villager (Male) |
| 5:54 | Create | Villager (Male) |
| 6:02 | Create | Fishing Ship |
| 6:30 | Create | Villager (Male) |
| 6:46 | Create | Fishing Ship |
| 6:49 | Create | Villager (Male) |
| 6:49 | Research | Loom |
| 7:55 | Build | House |
| 7:59 | Build | House |
| 8:05 | Research | Feudal Age |
| 8:10 | Build | Palisade Wall |
| 8:27 | Build | Palisade Wall |
| 8:29 | Build | Palisade Wall |
| 8:55 | Create | Villager (Male) |
| 9:05 | Build | Barracks |
| 9:56 | Create | Villager (Male) |
| 10:14 | Age | Feudal Age |
| 10:18 | Build | Archery Range |
| 10:20 | Research | Double-Bit Axe |
| 10:21 | Build | Mining Camp |
| 10:23 | Create | Villager (Male) |
| 11:07 | Create | Villager (Male) |
| 11:09 | Build | Mill |
| 11:13 | Create | Archer |
| 11:18 | Build | House |
| 11:29 | Create | Villager (Male) |
| 11:37 | Create | Villager (Male) |
| 11:39 | Create | Archer |
| 11:40 | Build | Dock |
| 11:56 | Build | Palisade Gate |
| 11:58 | Build | Palisade Gate |
| 12:06 | Create | Villager (Male) |
| 12:07 | Create | Archer |
| 12:08 | Build | Farm |
| 12:09 | Research | Horse Collar |
| 12:27 | Create | Villager (Male) |
| 12:31 | Create | Fishing Ship |
| 12:35 | Build | Outpost |
| 12:46 | Create | Archer |
| 12:58 | Create | Fishing Ship |
| 12:59 | Create | Villager (Male) |
| 13:12 | Build | Farm |
| 13:18 | Build | Outpost |
| 13:25 | Build | House |
| 13:28 | Create | Archer |
| 13:33 | Create | Villager (Male) |
| 13:45 | Build | Farm |
| 14:01 | Build | Outpost |
| 14:06 | Build | Farm |
| 14:08 | Create | Archer |
| 14:25 | Build | House |
| 14:33 | Build | House |
| 14:35 | Create | Villager (Male) |
| 14:36 | Create | Archer |
| 14:52 | Create | Villager (Male) |
| 15:03 | Build | Blacksmith |
| 15:07 | Create | Archer |
| 15:13 | Build | Outpost |
| 15:21 | Create | Archer |
| 15:22 | Create | Villager (Male) |
| 15:31 | Build | Lumber Camp |
| 15:59 | Build | Farm |
| 16:01 | Build | Farm |
| 16:11 | Create | Villager (Male) |
| 16:18 | Build | House |
| 16:23 | Build | Outpost |
| 16:29 | Research | Castle Age |
| 16:35 | Build | Farm |
| 16:36 | Build | Farm |
| 17:04 | Research | Fletching |
| 17:04 | Create | Villager (Male) |
| 17:16 | Build | House |
| 17:19 | Build | House |
| 17:25 | Build | Outpost |
| 17:46 | Create | Archer |
| 18:00 | Build | Fish Trap |
| 18:01 | Build | Fish Trap |
| 18:06 | Build | Outpost |
| 18:24 | Research | Town Watch |
| 18:37 | Create | Archer |
| 18:57 | Create | Demolition Raft |
| 19:02 | Create | Archer |
| 19:03 | Create | Villager (Male) |
| 19:16 | Age | Castle Age |
| 19:19 | Research | Bodkin Arrow |
| 19:20 | Research | Crossbowman (upgrade) |
| 19:40 | Create | Archer |
| 19:40 | Create | Villager (Male) |
| 19:56 | Build | Town Center |
| 20:00 | Research | Wheelbarrow |
| 20:14 | Build | Outpost |
| 20:25 | Build | Fish Trap |
| 20:27 | Create | Villager (Male) |
| 20:31 | Create | Archer |
| 20:47 | Research | Bow Saw |
| 20:48 | Create | Villager (Male) |
| 20:56 | Create | Archer |
| 20:59 | Research | Padded Archer Armor |
| 21:17 | Create | Archer |
| 21:35 | Create | Trade Cog |
| 21:38 | Create | Villager (Male) |
| 21:38 | Create | Archer |
| 21:42 | Create | Archer |
| 21:56 | Create | Villager (Male) |
| 21:57 | Create | Archer |
| 22:05 | Build | Town Center |
| 22:09 | Create | Villager (Male) |
| 22:14 | Create | Villager (Male) |
| 22:31 | Create | Villager (Male) |
| 22:31 | Create | Archer |
| 22:37 | Create | Archer |
| 22:43 | Build | University |
| 22:49 | Create | Villager (Male) |
| 22:56 | Create | Villager (Male) |
| 22:58 | Build | Lumber Camp |
| 23:04 | Create | Villager (Male) |
| 23:05 | Create | Archer |
| 23:12 | Create | Villager (Male) |
| 23:17 | Build | Farm |
| 23:19 | Build | Farm |
| 23:20 | Create | Villager (Male) |
| 23:31 | Create | Villager (Male) |
| 23:35 | Build | Farm |
| 23:37 | Create | Villager (Male) |
| 23:38 | Build | Farm |
| 23:46 | Create | Villager (Male) |
| 23:51 | Build | Stone Wall |
| 23:55 | Create | Villager (Male) |
Build order — FYI Inc
First 150 of 572 actions detected
| 0:01 | Create | Villager (Male) |
| 0:02 | Build | House |
| 0:03 | Build | House |
| 0:06 | Create | Villager (Male) |
| 0:12 | Create | Villager (Male) |
| 0:13 | Create | Villager (Male) |
| 1:26 | Create | Villager (Male) |
| 1:27 | Create | Villager (Male) |
| 1:58 | Create | Villager (Male) |
| 1:59 | Create | Villager (Male) |
| 2:18 | Create | Villager (Male) |
| 2:30 | Build | Lumber Camp |
| 2:48 | Create | Villager (Male) |
| 2:48 | Create | Villager (Male) |
| 3:15 | Create | Villager (Male) |
| 3:15 | Create | Villager (Male) |
| 3:37 | Build | House |
| 3:42 | Create | Villager (Male) |
| 3:47 | Create | Villager (Male) |
| 4:08 | Create | Villager (Male) |
| 4:40 | Create | Villager (Male) |
| 5:02 | Build | Barracks |
| 5:14 | Create | Villager (Male) |
| 5:44 | Build | House |
| 5:51 | Research | Loom |
| 5:54 | Create | Militia |
| 5:54 | Create | Militia |
| 6:09 | Build | House |
| 6:14 | Create | Villager (Male) |
| 6:20 | Create | Militia |
| 6:35 | Create | Villager (Male) |
| 6:41 | Build | Mill |
| 6:54 | Create | Villager (Male) |
| 7:18 | Build | Palisade Wall |
| 7:20 | Build | Palisade Wall |
| 7:22 | Build | Palisade Wall |
| 7:30 | Create | Villager (Male) |
| 7:33 | Build | House |
| 7:44 | Create | Villager (Male) |
| 8:10 | Build | Palisade Wall |
| 8:13 | Build | Palisade Wall |
| 8:16 | Build | Palisade Wall |
| 8:22 | Create | Villager (Male) |
| 8:41 | Create | Villager (Male) |
| 9:06 | Create | Villager (Male) |
| 9:17 | Build | Lumber Camp |
| 9:35 | Create | Villager (Male) |
| 9:39 | Build | House |
| 9:58 | Create | Villager (Male) |
| 10:13 | Research | Feudal Age |
| 10:13 | Research | Feudal Age |
| 10:21 | Build | Palisade Wall |
| 10:22 | Build | Palisade Wall |
| 10:23 | Build | Palisade Wall |
| 10:30 | Build | Mining Camp |
| 12:40 | Age | Feudal Age |
| 12:42 | Create | Villager (Male) |
| 12:45 | Build | Archery Range |
| 12:47 | Build | Archery Range |
| 13:21 | Build | Blacksmith |
| 13:21 | Create | Villager (Male) |
| 13:33 | Research | Double-Bit Axe |
| 13:33 | Create | Villager (Male) |
| 13:35 | Create | Archer |
| 13:40 | Build | Farm |
| 13:43 | Build | Farm |
| 13:52 | Create | Archer |
| 13:54 | Create | Villager (Male) |
| 13:57 | Create | Archer |
| 13:58 | Create | Archer |
| 14:18 | Create | Archer |
| 14:20 | Build | Farm |
| 14:21 | Build | Farm |
| 14:22 | Create | Villager (Male) |
| 14:28 | Research | Fletching |
| 14:28 | Research | Fletching |
| 14:38 | Build | Farm |
| 14:42 | Create | Archer |
| 14:42 | Create | Archer |
| 14:46 | Build | House |
| 14:48 | Research | Town Watch |
| 14:58 | Build | Farm |
| 15:13 | Build | Farm |
| 15:27 | Create | Villager (Male) |
| 15:29 | Build | Farm |
| 15:31 | Create | Archer |
| 15:31 | Create | Archer |
| 15:42 | Create | Villager (Male) |
| 15:46 | Build | Farm |
| 15:49 | Build | Farm |
| 15:51 | Build | Farm |
| 15:55 | Build | House |
| 16:00 | Build | House |
| 16:14 | Build | Farm |
| 16:16 | Create | Villager (Male) |
| 16:20 | Create | Archer |
| 16:21 | Create | Archer |
| 16:25 | Build | Farm |
| 16:46 | Build | Farm |
| 16:48 | Create | Archer |
| 16:48 | Create | Archer |
| 16:49 | Create | Villager (Male) |
| 17:12 | Build | Palisade Wall |
| 17:18 | Create | Villager (Male) |
| 17:21 | Create | Archer |
| 17:21 | Create | Archer |
| 17:53 | Create | Archer |
| 17:53 | Create | Archer |
| 17:56 | Create | Villager (Male) |
| 18:11 | Build | Mining Camp |
| 18:16 | Create | Villager (Male) |
| 18:31 | Build | Farm |
| 18:51 | Research | Castle Age |
| 18:51 | Research | Castle Age |
| 19:03 | Create | Archer |
| 19:03 | Create | Archer |
| 19:13 | Build | Farm |
| 19:14 | Research | Horse Collar |
| 19:14 | Research | Horse Collar |
| 19:59 | Create | Archer |
| 19:59 | Create | Archer |
| 20:00 | Create | Archer |
| 20:01 | Build | Lumber Camp |
| 20:12 | Build | Palisade Wall |
| 20:13 | Build | Palisade Wall |
| 20:20 | Create | Archer |
| 20:20 | Create | Archer |
| 20:37 | Research | Gold Mining |
| 20:37 | Research | Gold Mining |
| 20:46 | Create | Archer |
| 20:47 | Create | Archer |
| 21:04 | Build | Market |
| 21:31 | Age | Castle Age |
| 21:32 | Build | House |
| 21:34 | Build | University |
| 21:35 | Research | Crossbowman (upgrade) |
| 21:37 | Create | Villager (Male) |
| 21:40 | Research | Bow Saw |
| 21:46 | Research | Bodkin Arrow |
| 21:46 | Research | Bodkin Arrow |
| 21:53 | Create | Villager (Male) |
| 22:05 | Create | Villager (Male) |
| 22:07 | Build | Farm |
| 22:08 | Build | Farm |
| 22:12 | Create | Archer |
| 22:13 | Create | Archer |
| 22:13 | Create | Archer |
| 22:16 | Research | Gold Shaft Mining |
| 22:16 | Research | Gold Shaft Mining |
| 22:22 | Build | House |
Match timeline
| 4:28 | Leonidas · first_building Dock |
| 5:02 | FYI Inc · first_building Barracks |
| 7:18 | FYI Inc · wall_segment Palisade Wall x4 |
| 7:20 | FYI Inc · wall_segment Palisade Wall x7 |
| 7:22 | FYI Inc · wall_segment Palisade Wall x9 |
| 8:10 | FYI Inc · wall_segment Palisade Wall x8 |
| 8:10 | Leonidas · wall_segment Palisade Wall x6 |
| 8:13 | FYI Inc · wall_segment Palisade Wall x4 |
| 8:16 | FYI Inc · wall_segment Palisade Wall x9 |
| 8:27 | Leonidas · wall_segment Palisade Wall x4 |
| 8:29 | Leonidas · wall_segment Palisade Wall x9 |
| 9:05 | Leonidas · first_building Barracks |
| 10:14 | Leonidas · age_up feudal |
| 10:18 | Leonidas · first_building Archery Range |
| 10:21 | FYI Inc · wall_segment Palisade Wall x4 |
| 10:22 | FYI Inc · wall_segment Palisade Wall x1 |
| 10:23 | FYI Inc · wall_segment Palisade Wall x1 |
| 12:40 | FYI Inc · age_up feudal |
| 12:45 | FYI Inc · first_building Archery Range |
| 17:12 | FYI Inc · wall_segment Palisade Wall x8 |
| 19:16 | Leonidas · age_up castle |
| 20:12 | FYI Inc · wall_segment Palisade Wall x1 |
| 20:13 | FYI Inc · wall_segment Palisade Wall x1 |
| 21:31 | FYI Inc · age_up castle |
| 22:34 | FYI Inc · first_market_sell 100 stone |
| 23:51 | Leonidas · wall_segment Stone Wall x4 |
| 24:27 | FYI Inc · first_building Siege Workshop |
| 29:36 | Leonidas · first_market_sell 100 wood |
| 29:46 | Leonidas · first_market_buy 100 wood |
| 29:51 | Leonidas · first_building Monastery |
| 30:10 | FYI Inc · age_up imperial |
| 30:25 | FYI Inc · first_market_buy 100 food |
| 30:45 | Leonidas · first_building Castle |
| 32:01 | Leonidas · first_building Siege Workshop |
| 33:28 | Leonidas · age_up imperial |
| 37:56 | FYI Inc · first_building Castle |
| 53:49 | FYI Inc · resign |
[ AI ANALYSIS · 1 CREDIT ]
What really happened in this match?
Wolo.gg analyzes every decision: build order, eco, micro, common mistakes by bracket. Personalized analysis on WhatsApp or Discord in 30 seconds.
Civ guide
Ethiopians
Perfil
Jugador #1210686